 Dungeon Crawl Stone Soup version 0.30-b1-2-g02819fbbbe (webtiles) character file.

Game seed: 17374820006077549151

470676 Alarkh the Sensei (level 23, -9/240 (241) HPs)
             Began as a Demonspawn Chaos Knight on May 21, 2023.
             Was a Favourite Plaything of Xom.
             Mangled by a purple very ugly thing (25 damage)
             ... on level 2 of the Depths on May 22, 2023.
             The game lasted 03:36:04 (52342 turns).

Alarkh the Sensei (Demonspawn Chaos Knight)        Turns: 52342, Time: 03:36:05

HP:   -9/240 (241)  AC: 16    Str: 16    XL:     23   Next: 53%
MP:   23/23         EV: 21    Int: 22    God:    Xom [.*....]
Gold: 1425          SH: 28    Dex: 20    Spells: 15/22 levels left

rFire   + +          +
                       - Unarmed
rCold   + + .        W - +8 tower shield {reflect}
rNeg    + . .        j - +6 scale mail "Elurpheo" {Regen+ Str+5 Int-5}
rPois   +            (helmet unavailable)
rElec   +            S - +0 cloak of Dyspraxia {Contam rF+ Will+}
rCorr   .            (gloves unavailable)
SInv    +            g - +0 pair of boots
Will    +++++        t - amulet "Siomm" {Acrobat Rampage Int+5}
Stlth   +++++        n - ring "Ippo" {rF++ rN+ Will+ SInv}
HPRegen 2.40/turn    l - ring "Uvatoa" {rElec rPois rF++ Str-3 Dex+6}
MPRegen 0.18/turn

%: repel missiles, reflection, acrobat, rampage
@: about to teleport, studying Hexes, lightly drained, unable to read
A: claws 3, repulsion field 3, powered by death 3, robust 3, spiny 3, antennae
3, talons 1, cold resistance 2, deformed body, fire resistance 1, strong-willed
2, mutation resistance 1, electricity resistance, inability to read after injury
1
}: 2/15 runes: decaying, serpentine
a: Renounce Religion


You were on level 2 of the Depths.
You worshipped Xom.
You were a plaything of Xom.
You visited 9 branches of the dungeon, and saw 40 of its levels.
You visited the Abyss 1 time.
You visited 1 bazaar.
You also visited: Sewer, Gauntlet, Volcano, Wizlab and Desolation.

You collected 5096 gold pieces.
You spent 3671 gold pieces at shops.

Inventory:

Hand Weapons
 D - the +7 demon whip of the Shining Light {drain, rF+ rN+ rCorr}
   (You found it on level 1 of the Depths)

   rF:        It protects you from fire.
   rN:        It protects you from negative energy.
   rCorr:     It protects you from acid and corrosion.
 F - the +5 demon whip of Bixtuc {antimagic, rElec Will+ Str+2 Stlth+}
   (You found it on level 1 of the Depths)

   Str:       It affects your strength (+2).
   rElec:     It insulates you from electricity.
   Will:      It increases your willpower.
   Stlth:     It makes you more stealthy.
Armour
 a - the +0 scale mail "Onocemel" {Regen+ Slay+3}
   (You bought it in a shop on level 1 of the Elven Halls)

   Slay:      It affects your accuracy & damage with ranged weapons and melee
   (+3).
   Regen:     It increases your rate of health regeneration.
 b - the +0 ring mail of Inviolability {Harm rC+ SInv}
   (You bought it in a shop on level 1 of the Elven Halls)

   rC:        It protects you from cold.
   SInv:      It lets you see invisible.
   Harm:      It increases damage dealt and taken.
 g - a +0 pair of boots (worn)
 j - the +6 scale mail "Elurpheo" (worn) {Regen+ Str+5 Int-5}
   (You found it on level 5 of the Lair of Beasts)

   Str:       It affects your strength (+5).
   Int:       It affects your intelligence (-5).
   Regen:     It increases your rate of health regeneration.
 q - +0 ice dragon scales
 S - the +0 cloak of Dyspraxia (worn) {Contam rF+ Will+}
   (Xom gifted it to you on level 1 of the Vaults)

   rF:        It protects you from fire.
   Contam:    It causes magical contamination when unequipped.
   Will:      It increases your willpower.
 W - a +8 tower shield of reflection (worn)
Jewellery
 e - the ring "Qameh" {Fly rF+ rCorr Slay+2}
   (You found it on level 4 of the Swamp)

   [ring of flight]

   Slay:      It affects your accuracy & damage with ranged weapons and melee
   (+2).
   rF:        It protects you from fire.
   Fly:       It grants you flight.
   rCorr:     It protects you from acid and corrosion.
 l - the ring "Uvatoa" (right claw) {rElec rPois rF++ Str-3 Dex+6}
   (You took it off a minotaur in a Gauntlet)

   [ring of dexterity]

   Str:       It affects your strength (-3).
   Dex:       It affects your dexterity (+6).
   rF:        It greatly protects you from fire.
   rElec:     It insulates you from electricity.
   rPois:     It protects you from poison.
 n - the ring "Ippo" (left claw) {rF++ rN+ Will+ SInv}
   (You bought it in a shop on level 2 of the Orcish Mines)

   [ring of positive energy]

   rF:        It greatly protects you from fire.
   rN:        It protects you from negative energy.
   SInv:      It lets you see invisible.
   Will:      It increases your willpower.
 s - the amulet "Keczidez" {Spirit Int+2}
   (You took it off a vampire knight on level 1 of the Depths)

   [amulet of guardian spirit]

   It causes incoming damage to be divided between your reserves of health and
   magic.
   Int:       It affects your intelligence (+2).
 t - the amulet "Siomm" (around neck) {Acrobat Rampage Int+5}
   (You found it on level 13 of the Dungeon)

   [amulet of the acrobat]

   It increases your evasion while moving and waiting.
   Int:       It affects your intelligence (+5).
   Rampage:   It bestows one free step when moving towards enemies.
 y - the ring "Goocw" {Wiz rN+ Str+3 Dex+5}
   (You found it on level 6 of the Dungeon)

   [ring of wizardry]

   It improves your spell success rate.
   Str:       It affects your strength (+3).
   Dex:       It affects your dexterity (+5).
   rN:        It protects you from negative energy.
 L - a ring of see invisible
Wands
 m - a wand of roots (23)
 v - a wand of light (6)
 C - a wand of mindburst (5)
 T - a wand of digging (37)
Scrolls
 c - 3 scrolls of butterflies
 f - 6 scrolls of silence
 h - a scroll of blinking
 i - 2 scrolls of magic mapping
 o - 6 scrolls of teleportation
 p - a scroll of enchant armour
 r - 10 scrolls of identify
 R - 3 scrolls of fear
 X - 6 scrolls of fog
Potions
 w - 3 potions of cancellation
 x - 2 potions of might
 z - 9 potions of flight
 A - 4 potions of invisibility
 E - 16 potions of curing
 I - 7 potions of heal wounds
 J - 6 potions of resistance
 N - 2 potions of haste
 P - a potion of berserk rage
Miscellaneous
 d - a tin of tremorstones (2/2)
 k - a piece from Xom's chessboard (15/15)
 u - a lightning rod (inert)
 B - a phantom mirror


   Skills:
 + Level 16.6 Fighting
 + Level 13.8 Armour
 - Level 15.0 Dodging
 + Level 14.6 Stealth
 * Level 15.3 Shields
 * Level 22.5 Unarmed Combat
 - Level 10.0 Evocations


You had 15 spell levels left.
You knew the following spells:

 Your Spells              Type           Power      Damage    Failure   Level
a - Storm Form            Tmut/Air       0%         N/A       100%        7

Your spell library contained the following spells:

 Spells                   Type           Power      Damage    Failure   Level
 Beastly Appendage        Tmut           0%         N/A       80%         1
 Kiss of Death            Conj/Necr      0%         2d5       80%         1
 Magic Dart               Conj           0%         1d3       80%         1
 Necrotise                Necr           0%         1d4       80%         1
 Shock                    Conj/Air       0%         1d3       80%         1
 Slow                     Hex            0%         N/A       80%         1
 Blink                    Tloc           0%         N/A       91%         2
 Call Imp                 Summ           0%         N/A       91%         2
 Ensorcelled Hibernation  Hex/Ice        0%         N/A       91%         2
 Passwall                 Tmut/Erth      0%         N/A       91%         2
 Searing Ray              Conj           0%         2d4       91%         2
 Static Discharge         Conj/Air       0%         2-2/arc   91%         2
 Sublimation of Blood     Necr           0%         N/A       91%         2
 Call Canine Familiar     Summ           0%         N/A       99%         3
 Confusing Touch          Hex            0%         N/A       99%         3
 Gell's Gravitas          Tloc           0%         N/A       99%         3
 Mephitic Cloud           Conj/Pois/Air  0%         N/A       99%         3
 Ozocubu's Armour         Ice            0%         N/A       99%         3
 Portal Projectile        Hex/Tloc       0%         N/A       99%         3
 Spider Form              Tmut/Pois      0%         N/A       99%         3
 Stone Arrow              Conj/Erth      0%         3d7       99%         3
 Summon Guardian Golem    Hex/Summ       0%         N/A       99%         3
 Swiftness                Air            0%         N/A       99%         3
 Teleport Other           Tloc           0%         N/A       99%         3
 Vampiric Draining        Necr           0%         2d6       99%         3
 Volatile Blastmotes      Fire/Tloc      0%         2d10      99%         3
 Airstrike                Air            0%         2d(0-16)  100%        4
 Anguish                  Hex/Necr       0%         N/A       100%        4
 Animate Armour           Summ/Erth      0%         N/A       100%        4
 Animate Dead             Necr           0%         N/A       100%        4
 Cause Fear               Hex            0%         N/A       100%        4
 Dispel Undead            Necr           0%         3d6       100%        4
 Fulminant Prism          Conj/Hex       0%         3d5       100%        4
 Iskenderun's Mystic Bla  Conj/Tloc      0%         2d3       100%        4
 Leda's Liquefaction      Hex/Erth       0%         N/A       100%        4
 Manifold Assault         Tloc           0%         N/A       100%        4
 Petrify                  Tmut/Erth      0%         N/A       100%        4
 Summon Ice Beast         Ice/Summ       0%         N/A       100%        4
 Summon Lightning Spire   Summ/Air       0%         N/A       100%        4
 Agony                    Necr           0%         N/A       100%        5
 Alistair's Intoxication  Tmut/Pois      0%         N/A       100%        5
 Borgnjor's Vile Clutch   Necr/Erth      0%         N/A       100%        5
 Irradiate                Conj/Tmut      0%         3d11      100%        5
 Lee's Rapid Deconstruct  Erth           0%         3d4*      100%        5
 Metabolic Englaciation   Hex/Ice        0%         N/A       100%        5
 Death Channel            Necr           0%         N/A       100%        6
 Dispersal                Tloc           0%         N/A       100%        6
 Eringya's Noxious Bog    Tmut/Pois      0%         N/A       100%        6
 Simulacrum               Ice/Necr       0%         N/A       100%        6
 Statue Form              Tmut/Erth      0%         N/A       100%        6
 Dragon Form              Tmut           0%         N/A       100%        7
 Malign Gateway           Summ/Tloc      0%         N/A       100%        7
 Orb of Destruction       Conj           0%         9d5       100%        7
 Ozocubu's Refrigeration  Ice            0%         4d7       100%        7
 Spellforged Servitor     Conj/Summ      0%         N/A       100%        7
 Lehudib's Crystal Spear  Conj/Erth      0%         10d2      100%        8
 Maxwell's Capacitive Co  Air            0%         ∞         100%        8
 Dragon's Call            Summ           0%         N/A       100%        9
 Polar Vortex             Ice            0%         N/A       100%        9


Dungeon Overview and Level Annotations

Branches:
Dungeon (15/15)            Temple (1/1) D:4            Lair (5/5) D:11
  Swamp (4/4) Lair:2        Snake (4/4) Lair:2        Slime (0/5) Lair:5
    Orc (2/2) D:9             Elf (3/3) Orc:2        Vaults (4/5) D:13
  Crypt (0/3) Vaults:3     Depths (2/4) D:15          Sewer (visited)
Volcano (visited)          WizLab (visited)         Desolation (visited)
Gauntlet (visited)

Altars:
Ashenzari
Cheibriados
Dithmenos
Fedhas
Gozag
Hepliaklqana
Kikubaaqudgha
Makhleb
Nemelex Xobeh
Okawaru
Qazlal
Ru
Sif Muna
Trog
Uskayaw
Vehumet
Wu Jian
Xom
Yredelemnul

Shops:
D:2 :   D:6 :(![   D:8 *=(   D:13 ?[*!   D:15 [   Orc:2 (==(   Elf:1 [([
Elf:2 (:   Elf:3 (   Snake:2 =   Vaults:2 [*

Portals:
Hell: Depths:1
Ziggurat: Depths:1

Annotations:
Vaults:2 3 runed translucent doors, crisisinutopia's ghost, adept MiFi


Innate Abilities, Weirdness & Mutations

You have claws for hands.
You are surrounded by a strong repulsion field. (EV +4, RMsl)
You regenerate a lot of health from kills.
You are extremely robust. (+30% HP)
You are completely covered in sharp spines.
You have a pair of large antennae on your head. (SInv)
You have sharp toenails.
Your flesh is very cold resistant. (rC++)
Armour fits poorly on your strangely shaped body.
Your flesh is heat resistant. (rF+)
You are highly strong-willed. (Will++)
You are somewhat resistant to further mutation.
You are resistant to electric shocks. (rElec)
You occasionally lose the ability to read scrolls when taking damage.


Message History

* * * LOW HITPOINT WARNING * * *
You feel much better.
The purple very ugly thing's soul is no longer bound.
You block the purple very ugly thing's attack.
You block the spriggan rider's attack. You block the hell knight's attack. x2
The spriggan defender simulacrum closely misses you.
The necromancer gestures wildly while chanting.
The necromancer binds the souls of nearby monsters.
The fire giant gestures at you while chanting.
The bolt of fire misses you.
A hell knight comes into view.
It is wielding a +4 broad axe of flaming.
You feel much better. You block the hell knight's attack.
The hell knight completely misses you.
The spriggan defender simulacrum hits you!
The spriggan defender simulacrum freezes you.
You resist.
The purple very ugly thing tail-slaps you!!!
You feel threatened and lose the ability to read scrolls!
* * * LOW HITPOINT WARNING * * *
You block the spriggan rider's attack. You block the fire giant's attack.
The hell knight misses you.
The hell knight is struck by your spines.
The hell knight hits you with a +1 great sword!!
* * * LOW HITPOINT WARNING * * *
Xom roars with laughter!
The hell knight completely misses you.
You hear a shout!
You cannot read scrolls in your current state!
Unknown command.
You feel much better.
The spriggan defender simulacrum is struck by your spines.
The spriggan defender simulacrum hits you.
* * * LOW HITPOINT WARNING * * *
The spriggan defender simulacrum freezes you!
You resist.
* * * LOW HITPOINT WARNING * * *
You block the purple very ugly thing's attack.
You block the spriggan rider's attack. The purple very ugly thing kicks you!!
You die...
Xom roars with laughter!

... .# .... .##
.....####:#
........###
.......{{.## ..
...H...{pQZ##....
......{##uip#....
.....####upZp....
..$.# ##@CHp.....
...# #ZpupZ.....
##. ##.p.p..####
#.###....####
#:##...###
#####...### #####
#.....###.....##
#..............##
#...............##


You could see 3 very ugly things, a fire giant (soul bound), a sphinx (soul
bound), a tengu reaver (soul bound), 6 hell knights, a spriggan rider (soul
bound), 2 necromancers, a hornet simulacrum, a spriggan simulacrum, a spriggan
defender simulacrum and a fire giant simulacrum.

Vanquished Creatures
  A dread lich (Vaults:2)
  A juggernaut (Depths:1)
  Vashnia (Snake:2)
  Saint Roka (Elf:3)
  A bone dragon (Swamp:4)
  A tentacled monstrosity (Swamp:4)
  Jorgrun (Orc:1)
  A lich (Vaults:4)
  Rupert (D:12)
  A titan (Depths:1)
  Asterion (Elf:2)
  5 deep elf master archers (Elf:3)
  The ghost of adept the Eclecticist, an adept DjCj of Hepliaklqana (Swamp:4)
  3 deep elf blademasters (Elf:3)
  An Executioner (Abyss:2)
  3 ancient champions (WizLab)
  2 sphinxes
  A thorn hunter (Swamp:2)
  3 tengu reavers (Depths:1)
  5 nagarajas
  Kirke (Snake:2)
  Donald (Snake:2)
  An azure jelly (Snake:4)
  A shadow dragon (Elf:3)
  A fenstrider witch (Swamp:4)
  A fire giant (Depths:2)
  5 revenants
  6 frost giants (Depths:1)
  7 deep elf sorcerers
  Louise (Snake:4)
  A spectral caustic shrike (WizLab)
  Aizul (Snake:2)
  15 vault wardens
  2 imperial myrmidons (Desolation)
  4 war gargoyles
  4 ghouls
  11 ironbound preservers
  A cacodemon (Abyss:2)
  7 very ugly things
  3 deep elf elementalists (Elf:3)
  A spriggan defender (Depths:2)
  8 ironbound thunderhulks
  2 reapers (Depths:1)
  2 vampire knights (Depths:1)
  The ghost of raph the Frost Mage, a journeyman MfIE of Sif Muna (Lair:5)
  3 stone giants (Depths:1)
  2 deep elf demonologists
  15 dire elephants
  7 halazid warlocks
  4 eleionomae
  2 bunyips
  6 deep elf annihilators
  A spark wasp (Depths:1)
  Snorg (Orc:1)
  7 crystal guardians
  4 deep elf death magi
  2 spectral quicksilver dragons (WizLab)
  The ghost of Komud the Severer, a journeyman HOFi of Okawaru (Lair:2)
  2 jiangshi (WizLab)
  3 eidola (WizLab)
  A shambling mangrove (Swamp:1)
  4 ettins (Depths:1)
  2 spriggan zombies
  2 entropy weavers (Vaults:2)
  2 fire dragons (Depths:1)
  Josephine (Swamp:1)
  7 yaktaur captains
  10 peacekeepers
  7 servants of whispers (Desolation)
  4 ragged hierophants (Desolation)
  4 rakshasas (Depths:1)
  2 ice dragons
  Erolcha (Orc:1)
  2 deep elf high priests (Elf:3)
  7 great orbs of eyes
  3 ogre magi
  9 ironbound frosthearts
  8 hydras
  A merfolk avatar (Lair:5)
  A salamander tyrant (Snake:3)
  A spriggan air mage (Swamp:3)
  4 ghost crabs
  10 vault guards
  4 catoblepae
  7 anacondas
  41 dancing weapons
  4 centaur warriors
  9 alligators
  Erica (Lair:2)
  3 tengu warriors (Depths:1)
  6 boulder beetles
  2 deep troll shamans (Depths:1)
  7 two-headed ogres
  2 spriggan berserkers (Depths:1)
  7 death yaks
  5 hell hogs (Depths:1)
  16 naga warriors
  2 deep troll earth magi (Depths:1)
  Urug (D:11)
  5 vampire magi
  6 shock serpents
  17 naga sharpshooters
  Nergalle (D:10)
  2 hell knights
  3 soul eaters (Depths:1)
  2 iron trolls (Depths:1)
  2 sun demons (Depths:1)
  2 titan zombies (WizLab)
  3 shadow wraiths (WizLab)
  A storm dragon zombie (D:15)
  4 salamander mystics
  20 deep elf knights
  A spectral catoblepas (Lair:5)
  10 goliath frogs
  A skyshark (Lair:5)
  9 skeletal warriors
  12 sea snakes
  2 sixfirhies (Abyss:2)
  A spark wasp zombie (WizLab)
  7 swamp dragons
  2 flayed ghosts (WizLab)
  6 glowing orange brains
  2 lindwurms
  6 wizards
  An obsidian statue (Gauntlet)
  8 bog bodies
  13 deep elf archers
  2 spectral hydras (Swamp:4)
  6 phantasmal warriors
  53 deep trolls
  2 spectral wolf spiders (WizLab)
  17 ironbound convokers
  8 harpies (Vaults:1)
  5 necromancers
  7 naga ritualists
  28 deep elf zephyrmancers
  5 orc knights
  5 orc sorcerers
  A faun (shapeshifter) (D:15)
  A tengu skeleton (Vaults:4)
  11 mana vipers
  The ghost of CommanderKeen the Basher, a novice MeCA of Ignis (D:7)
  A shining eye (Gauntlet)
  2 will-o-the-wisps (Swamp:4)
  22 deep elf pyromancers
  4 manticores
  3 spectral spriggans (WizLab)
  27 ugly things
  3 cyclopes
  11 salamanders
  A moth of wrath (Swamp:4)
  An elephant (shapeshifter) (Vaults:4)
  42 black mambas
  15 vault sentinels
  24 elephants
  23 naga magi
  2 smoke demons (Depths:1)
  An elf zombie (Vaults:3)
  2 molten gargoyles (Volcano)
  6 gargoyles (Volcano)
  4 guardian serpents
  An orange demon (Abyss:2)
  3 torpor snails
  11 cane toads
  23 yaktaurs
  A fire giant skeleton (D:15)
  2 unseen horrors
  6 swamp worm zombies (Swamp:4)
  4 rime drakes
  An unseen horror (shapeshifter) (Elf:1)
  3 efreet
  3 tengu conjurers
  5 komodo dragons
  A yaktaur (shapeshifter) (D:11)
  A freezing wraith (D:14)
  4 hydra zombies (Swamp:4)
  3 meliai (D:14)
  A human skeleton (Vaults:4)
  A merfolk (Swamp:2)
  A troll (D:9)
  A bloated husk (Swamp:2)
  3 wind drakes (Lair:5)
  A tarantella (shapeshifter) (Elf:3)
  5 polar bears
  3 spectral swamp dragons (Swamp:4)
  A tarantella (Vaults:2)
  A blink frog (shapeshifter) (Elf:1)
  4 blink frogs (Lair:1)
  48 saltlings (Desolation)
  7 hornets
  15 tyrant leeches
  7 dream sheep (Lair:5)
  A snapping turtle (shapeshifter) (Depths:1)
  3 alligator zombies (Swamp:4)
  A culicivora (shapeshifter) (D:15)
  17 flying skulls (WizLab)
  A vampire (D:12)
  3 water elementals
  4 shadows
  An ettin skeleton (D:15)
  34 slime creatures
  4 spriggans
  A spriggan (shapeshifter) (D:14)
  An air elemental (Elf:2)
  2 jumping spiders (Vaults:2)
  7 wraiths
  4 wyverns
  2 culicivoras (Vaults:2)
  15 humans (D:12)
  33 yaks
  A redback (Vaults:2)
  4 basilisks
  A death yak simulacrum (Lair:5)
  2 steam dragons
  6 fire elementals
  3 hogs
  16 vampire mosquitoes
  A yaktaur simulacrum (Vaults:4)
  An elf skeleton (Vaults:4)
  2 spectral cane toads (Lair:5)
  Menkaure (D:6)
  2 acid dragons
  3 wargs
  15 swamp worms
  49 nagas
  13 water moccasins
  Pargi (Sewer)
  2 small abominations (Abyss:2)
  3 swamp drakes
  4 floating eyes
  38 orc warriors
  4 black bears
  An ice beast (D:7)
  2 sky beasts
  3 swamp dragon zombies (Swamp:4)
  16 wolves
  10 ogres
  18 centaurs
  4 phantoms
  2 kobold brigands (D:8)
  4 earth elementals
  10 bullfrogs
  A necrophage (Swamp:2)
  A gnoll sergeant (D:12)
  2 scorpions
  13 wights
  A troll zombie (D:9)
  21 killer bees
  4 electric eels
  5 howler monkeys
  A komodo dragon simulacrum (Lair:5)
  A human simulacrum (Vaults:3)
  12 orc priests
  2 hounds
  7 jellies
  A gnoll bouda (D:6)
  Jessica (D:3)
  3 iguanas
  19 orc wizards
  3 sleepcaps
  2 spectral swamp drakes (Swamp:4)
  2 hell rats (D:11)
  5 ogre zombies (D:9)
  23 gnolls
  9 adders
  A swamp drake zombie (Swamp:4)
  A shadow imp (D:7)
  2 white imps
  3 ufetubi
  4 dart slugs
  61 orcs
  11 ball pythons
  6 endoplasms
  A giant cockroach (D:1)
  5 goblins
  11 hobgoblins
  6 jackals
  22 kobolds
  3 quokkas
  3 bats
  5 frilled lizards
  4 goblin zombies (D:9)
  A hobgoblin zombie (D:9)
  An orc skeleton (D:9)
  10 orc zombies (D:9)
  5 rats
  A butterfly (Lair:1)
1741 creatures vanquished.

Vanquished Creatures (collateral kills)
  2 sphinxes (Vaults:4)
  A vault warden (Vaults:3)
  2 ironbound preservers (Vaults:3)
  A minotaur (Gauntlet)
  A ragged hierophant (Desolation)
  A hydra (Swamp:3)
  A naga sharpshooter (Snake:1)
  A deep troll (Vaults:4)
  An ironbound convoker (Vaults:4)
  A deep elf pyromancer (Elf:1)
  2 deep elf zephyrmancers
  A human zombie (Vaults:3)
  Maurice (D:11)
  A vault sentinel (Vaults:4)
  2 gargoyles (Volcano)
  A molten gargoyle (Volcano)
  A hellion (Depths:1)
  2 saltlings (Desolation)
  Edmund (D:4)
  An orc skeleton (D:9)
  2 orc zombies (D:9)
27 creatures vanquished.

Vanquished Creatures (others)
  A deep elf blademaster (Elf:3)
  7 dancing weapons
  2 deep elf knights (Elf:2)
  A goliath frog (Swamp:4)
  A deep elf archer (Elf:1)
  A naga ritualist (Snake:2)
  A deep elf zephyrmancer (Elf:1)
  A mana viper (Snake:2)
  A phantasmal warrior (Swamp:4)
  2 deep elf pyromancers (Elf:1)
  A tengu conjurer (Depths:1)
  5 bloated husks
  A saltling (Desolation)
  A flying skull (WizLab)
  A wraith (Vaults:3)
  2 humans (Snake:2)
  2 nagas (Snake:4)
  A swamp worm (Swamp:4)
  A centaur (D:11)
  5 phantoms (Swamp:4)
  3 orcs (Orc:2)
  4 foxfires (Swamp:4)
  44 fungi
  71 plants
  11 withered plants (D:15)
171 creatures vanquished.

Grand Total: 1939 creatures vanquished

Notes
Turn   | Place    | Note
-------+----------+-------------------------------------------
     0 | D:1      | Alarkh the Demonspawn Chaos Knight began the quest for the
                  | Orb.
     0 | D:1      | Reached XP level 1. HP: 18/18 MP: 1/1
    44 | D:1      | XOM: silly message
    61 | D:1      | Reached skill level 3 in Unarmed Combat
   204 | D:1      | Gained mutation: You are partially covered in sharp spines.
                  | [demonic ancestry]
   204 | D:1      | Reached XP level 2. HP: 20/24 MP: 2/2
   333 | D:1      | XOM: divination: magic mapping
   460 | D:1      | XOM: 3-stop teleportation journey
   594 | D:1      | Reached XP level 3. HP: 24/29 MP: 3/3
   676 | D:2      | XOM: stealth player
   683 | D:2      | Reached skill level 4 in Unarmed Combat
   849 | D:2      | XOM is BORED!
   849 | D:2      | XOM: torment (16/29 hp)
   906 | D:2      | Found Raxtokem's Vocational Training.
  1385 | D:3      | Found a glowing drain.
  1388 | D:3      | XOM: draining
  1409 | D:3      | Gained mutation: You have sharp fingernails. [demonic
                  | ancestry]
  1409 | D:3      | Reached XP level 4. HP: 27/31 MP: 4/4
  1424 | Sewer    | XOM: noise
  1424 | Sewer    | Entered a sewer
  1455 | Sewer    | XOM: stat loss: -1 Dex (11/12)
  1468 | Sewer    | Noticed Pargi
  1479 | Sewer    | XOM: potion effect (attraction)
  1488 | Sewer    | Killed Pargi
  1489 | Sewer    | Reached skill level 5 in Unarmed Combat
  1489 | Sewer    | Gained mutation: You are surrounded by a mild repulsion
                  | field. (EV +2) [demonic ancestry]
  1489 | Sewer    | Reached XP level 5. HP: 12/41 MP: 5/5
  1495 | Sewer    | XOM: god gift: 16 gold pieces
  1812 | D:3      | Noticed Jessica
  1812 | D:3      | XOM: 2-stop teleportation journey
  1822 | D:3      | Killed Jessica
  1868 | D:3      | Reached skill level 6 in Unarmed Combat
  2026 | D:3      | Found a faded altar of an unknown god.
  2389 | D:3      | XOM is BORED!
  2389 | D:3      | XOM: draining
  2404 | D:3      | XOM: scenery: create altars
  2485 | D:4      | Noticed Edmund
  2652 | D:3      | Gained mutation: You are surrounded by a moderate repulsion
                  | field. (EV +3) [demonic ancestry]
  2652 | D:3      | Reached XP level 6. HP: 30/41 MP: 6/6
  2747 | D:4      | XOM: divination: detect items
  2752 | D:4      | Killed Edmund
  2916 | D:4      | XOM: divination: detect creatures
  2968 | D:4      | XOM: cast spell 'Disjunction'
  2989 | D:4      | Reached skill level 7 in Unarmed Combat
  2989 | D:4      | XOM: 1-stop teleportation journey
  3214 | D:4      | Reached XP level 7. HP: 13/52 MP: 7/7
  3575 | D:4      | Reached skill level 8 in Unarmed Combat
  3583 | D:4      | Found a staircase to the Ecumenical Temple.
  3593 | Temple   | Entered the Ecumenical Temple
  3709 | Temple   | XOM: scenery: 6 doors open, 6 doors close
  4159 | D:5      | Entered Level 5 of the Dungeon
  4178 | D:5      | XOM: divination: magic mapping
  4258 | D:5      | Reached skill level 9 in Unarmed Combat
  4258 | D:5      | Gained mutation: You regenerate a little health from kills.
                  | [demonic ancestry]
  4258 | D:5      | Reached XP level 8. HP: 22/58 MP: 8/8
  4473 | D:5      | XOM: 1-stop teleportation journey
  4617 | D:5      | XOM: cleaving
  4627 | D:5      | XOM: confusion (+ monsters)
  4635 | D:5      | Reached skill level 1 in Dodging
  4882 | D:5      | Reached skill level 1 in Evocations
  4903 | D:5      | Found a radiant altar of Vehumet.
  4998 | D:6      | Found Plog's Book Shoppe.
  5120 | D:6      | XOM: noise
  5190 | D:6      | XOM: 2-stop teleportation journey
  5220 | D:6      | XOM: cast spell 'Summon Small Mammal'
  5582 | D:6      | XOM: enchant monster (good)
  5674 | D:6      | XOM: silly message
  5691 | D:6      | XOM: blink monster(s)
  5714 | D:6      | XOM: polymorph orc -> ball python
  5765 | D:6      | XOM: god gift: falchion {god gift}
  5797 | D:6      | Found Tavepioj's Distillery.
  5801 | D:6      | Bought a potion of might for 52 gold pieces
  5801 | D:6      | Bought a potion of flight for 39 gold pieces
  5801 | D:6      | Bought a potion of invisibility for 104 gold pieces
  5887 | D:6      | Found Asycs's Weapon Boutique.
  5918 | D:6      | Identified the ring "Goocw" {Wiz rN+ Str+3 Dex+5}
  5942 | D:6      | Found Niupar's Antique Armour Emporium.
  6239 | D:7      | Gained mutation: You have very sharp fingernails. [demonic
                  | ancestry]
  6239 | D:7      | Reached XP level 9. HP: 48/66 MP: 9/9
  6249 | D:7      | Reached skill level 10 in Unarmed Combat
  6324 | D:7      | Got the Compilation of Rime
  6418 | D:7      | Found a transporter.
  6446 | D:7      | XOM: confuse monster(s)
  6623 | D:7      | Reached skill level 5 in Fighting
  6626 | D:7      | XOM: god gift: chain mail {god gift}
  6702 | D:7      | Found a transporter.
  6708 | D:7      | Noticed CommanderKeen's ghost (novice MeCA)
  6816 | D:7      | Noticed Menkaure
  6858 | D:6      | Killed Menkaure
  6859 | D:6      | You fall into a shaft and drop 2 floors!
  6980 | D:8      | XOM: give mutations
  6980 | D:8      | Gained mutation: You possess an exceptional clarity of
                  | mind. [Xom's grace]
  6980 | D:8      | Gained mutation: Your flesh is cold resistant. (rC+) [Xom's
                  | grace]
  6980 | D:8      | Gained mutation: You have sharp toenails. [Xom's grace]
  6980 | D:8      | Gained mutation: Your flesh is very cold resistant. (rC++)
                  | [Xom's grace]
  6987 | D:8      | Found Hosoips's Weapon Boutique.
  7063 | D:8      | XOM: enchant monster (good)
  7069 | D:8      | Reached skill level 11 in Unarmed Combat
  7069 | D:8      | Reached XP level 10. HP: 55/76 MP: 10/10
  7225 | D:8      | XOM: divination: detect creatures
  7743 | D:7      | XOM: 1-stop teleportation journey
  7745 | D:7      | Found a transporter.
  7828 | D:7      | Found a transporter.
  7970 | D:7      | XOM is BORED!
  7970 | D:7      | XOM: summons 4 hostile shadow creatures
  8095 | D:7      | XOM: noise
  8350 | D:7      | Found a transporter.
  8684 | D:7      | Found a transporter.
  8859 | D:8      | Found Wingouvi's Jewellery Shop.
  9015 | D:8      | XOM: blink monster(s)
  9023 | D:8      | XOM: divination: magic mapping
  9092 | D:6      | XOM: give mutations
  9092 | D:6      | Gained mutation: Your mind is acute. (Int +4, Str/Dex -1)
                  | [Xom's mischief]
  9092 | D:6      | Gained mutation: You are strong-willed. (Will+) [Xom's
                  | mischief]
  9092 | D:6      | Lost mutation: You are strong-willed. (Will+) [Xom's
                  | mischief]
  9114 | D:6      | Bought a potion of curing for 39 gold pieces
  9114 | D:6      | Bought a potion of heal wounds for 65 gold pieces
  9475 | D:8      | XOM: blink monster(s)
  9593 | D:8      | Found Yxtiem's General Store.
  9597 | D:8      | Bought a potion of lignification for 48 gold pieces
  9972 | D:9      | Reached skill level 5 in Dodging
 10018 | D:9      | Identified the +0 buckler of Carchiuk {Str+3}
 10066 | D:9      | XOM: summons 9 friendly demons
 10073 | D:9      | Found a staircase to the Orcish Mines.
 10090 | D:9      | Reached skill level 1 in Shields
 10267 | D:9      | XOM: smoke on damage
 10416 | D:9      | XOM: summons 4 hostile demons
 10418 | D:9      | XOM: polymorph white imp -> crimson imp
 10422 | D:9      | XOM: enchant monster (bad)
 11018 | D:10     | Entered Level 10 of the Dungeon
 11028 | D:10     | XOM: summons 3 friendly demons
 11082 | D:10     | XOM: silly message
 11211 | D:10     | Reached skill level 12 in Unarmed Combat
 11216 | D:10     | Reached skill level 5 in Armour
 11216 | D:10     | Reached XP level 11. HP: 63/83 MP: 11/11
 11292 | D:10     | Noticed a two-headed ogre
 11292 | D:10     | XOM: 1-stop teleportation journey
 11298 | D:10     | Killed a two-headed ogre
 11378 | D:10     | XOM: repel stairs
 11500 | D:10     | XOM: give mutations
 11500 | D:10     | Lost mutation: Your mind is acute. (Int +4, Str/Dex -1)
                  | [Xom's mischief]
 11500 | D:10     | Gained mutation: You have a somewhat thin skeletal
                  | structure. (Dex +2, Stealth+) [Xom's mischief]
 11632 | D:11     | Noticed Nergalle
 11711 | D:10     | XOM: enchant monster (good)
 11716 | D:10     | XOM: swap monsters
 11718 | D:10     | Killed Nergalle
 11800 | D:8      | Bought a scroll of blinking for 120 gold pieces
 11892 | D:11     | Noticed a boulder beetle
 11895 | D:11     | a boulder beetle changed into a seven-headed hydra
 11895 | D:11     | Noticed a seven-headed hydra
 11895 | D:11     | XOM: polymorph boulder beetle -> seven-headed hydra
 11899 | D:11     | XOM: cast spell 'Leda's Liquefaction'
 11902 | D:11     | Killed a seven-headed hydra
 12074 | D:11     | Noticed a death yak
 12075 | D:11     | XOM: noise
 12082 | D:11     | Noticed a death yak
 12104 | D:11     | Noticed a death yak
 12108 | D:11     | XOM: summons 2 friendly demons
 12179 | D:10     | XOM: noise
 12343 | D:11     | XOM is BORED!
 12439 | D:11     | Noticed Maurice
 12445 | D:11     | XOM: cast spell 'Summon Hydra'
 12449 | D:11     | Killed Maurice
 12457 | D:11     | XOM: draining
 12503 | D:11     | Noticed Urug
 12523 | D:11     | XOM: noise
 12539 | D:11     | Killed Urug
 12687 | D:11     | Found a staircase to the Lair.
 12753 | Lair:1   | Entered Level 1 of the Lair of Beasts
 12756 | Lair:1   | XOM: silly message
 12782 | Lair:1   | XOM: noise
 12783 | Lair:1   | XOM: enchant monster (bad)
 12783 | Lair:1   | XOM: smoke on damage
 12798 | D:11     | XOM: scenery: summon butterflies
 12814 | D:11     | XOM: divination: detect creatures
 12967 | D:12     | XOM: silly message
 13010 | D:11     | XOM: cast spell 'Olgreb's Toxic Radiance'
 13015 | D:11     | XOM: blink monster(s)
 13016 | D:11     | XOM: confuse monster(s)
 13019 | D:11     | XOM: divination: detect creatures
 13030 | D:11     | XOM: divination: magic mapping
 13068 | D:11     | XOM: enchant monster (good)
 13072 | D:11     | a death yak changed into a shapeshifter
 13072 | D:11     | XOM: polymorph death yak -> shapeshifter
 13077 | D:10     | XOM: silly message
 13097 | D:10     | Killed a death yak
 13446 | D:11     | Reached skill level 13 in Unarmed Combat
 13559 | Lair:1   | XOM: 2-stop teleportation journey
 13646 | Lair:1   | Reached skill level 1 in Stealth
 13853 | Lair:1   | XOM: summons 6 hostile demons
 13860 | Lair:1   | XOM: summons 4 hostile shadow creatures
 13898 | Lair:1   | XOM: noise
 13949 | Lair:1   | XOM: summons 4 hostile demons
 14107 | Lair:1   | XOM: stat loss: -1 Dex (17/20)
 14188 | Lair:1   | XOM: silly message
 14278 | Lair:1   | Gained mutation: You have claws for hands. [demonic
                  | ancestry]
 14278 | Lair:1   | Reached XP level 12. HP: 93/93 MP: 12/12
 14511 | Lair:1   | XOM: chaos cloud
 14521 | Lair:1   | XOM: noise
 14533 | Lair:1   | XOM: summons 2 hostile shadow creatures
 14672 | Lair:1   | XOM: draining
 15099 | Lair:2   | XOM: chaos cloud
 15108 | Lair:2   | XOM: 8-stop teleportation journey
 15109 | Lair:2   | Reached skill level 5 in Shields
 15168 | Lair:2   | Noticed Komud's ghost (journeyman HOFi)
 15202 | Lair:2   | Found a runed translucent door.
 15202 | Lair:2   | XOM: potion effect (attraction)
 15212 | Lair:2   | XOM: potion effect (curing)
 15402 | Lair:2   | Noticed Erica
 15429 | Lair:2   | XOM: silly message
 15502 | Lair:2   | Found a staircase to the Swamp.
 15610 | Lair:2   | Found a staircase to the Snake Pit.
 15874 | Lair:2   | XOM: silly message
 16123 | Lair:2   | Killed Erica
 16182 | Lair:3   | XOM: enchant monster (bad)
 16183 | Lair:3   | XOM: silly message
 16226 | Lair:3   | XOM: 3-stop teleportation journey
 16264 | Lair:3   | XOM: polymorph elephant -> glowing orange brain
 16266 | Lair:3   | XOM: swap monsters
 16267 | Lair:3   | XOM: polymorph glowing orange brain -> manticore
 16274 | Lair:3   | XOM: smoke on damage
 16275 | Lair:3   | Reached skill level 14 in Unarmed Combat
 16275 | Lair:3   | XOM: enchant monster (bad)
 16277 | Lair:3   | XOM: enchant monster (bad)
 16588 | Lair:3   | XOM: enchant monster (bad)
 16610 | Lair:3   | XOM: silly message
 16852 | Lair:3   | XOM: 1-stop teleportation journey
 17002 | Lair:3   | XOM: enchant monster (good)
 17321 | Lair:4   | Noticed a boulder beetle
 17347 | Lair:4   | Killed a boulder beetle
 17436 | Lair:4   | Gained mutation: You are mostly covered in sharp spines.
                  | [demonic ancestry]
 17436 | Lair:4   | Reached XP level 13. HP: 101/101 MP: 13/13
 17789 | Lair:4   | Reached skill level 5 in Stealth
 17947 | Lair:5   | XOM: stealth player
 17947 | Lair:5   | Entered Level 5 of the Lair of Beasts
 17985 | Lair:5   | Found a dark tunnel.
 18006 | Volcano  | Entered a volcano
 18045 | Volcano  | XOM: scenery: create altars
 18064 | Volcano  | XOM: fog
 18106 | Volcano  | Noticed an orb of fire
 18169 | Volcano  | Noticed an orb of fire
 18182 | Volcano  | XOM: cast spell 'Summon Ice Beast'
 18549 | Lair:4   | XOM: summons 7 friendly demons
 18681 | Lair:5   | Found a staircase to the Slime Pits.
 18688 | Lair:5   | Found a runed translucent gate.
 18688 | Lair:5   | Found a runed translucent gate.
 18688 | Lair:5   | Found a runed translucent gate.
 18688 | Lair:5   | XOM: 1-stop teleportation journey
 18697 | Lair:5   | XOM: 1-stop teleportation journey
 18726 | Lair:5   | XOM: 3-stop teleportation journey
 18734 | Lair:5   | Reached skill level 10 in Fighting
 18739 | Lair:5   | XOM: polymorph jelly -> swamp drake
 18741 | Lair:5   | XOM: swap monsters
 18742 | Lair:5   | XOM: summons 3 hostile shadow creatures
 18753 | Lair:5   | Reached skill level 15 in Unarmed Combat
 18778 | Lair:5   | Identified the +6 scale mail "Elurpheo" {Regen+ Str+5
                  | Int-5}
 18825 | Lair:5   | XOM: give mutations
 18825 | Lair:5   | Lost mutation: Your flesh is very cold resistant. (rC++)
                  | [Xom's mischief]
 18825 | Lair:5   | Gained mutation: You expend magic power (3 MP) to
                  | strengthen your wands. [Xom's mischief]
 18836 | Lair:5   | XOM: cleaving
 18922 | Lair:5   | XOM: summons friendly shadow imp
 19071 | Lair:5   | XOM: divination: magic mapping
 19076 | Lair:5   | XOM: swap monsters
 19086 | Lair:5   | XOM: cast spell 'Cause Fear'
 19152 | Lair:5   | XOM: potion effect (haste)
 19162 | Lair:5   | XOM: noise
 19292 | Lair:5   | XOM: blink monster(s)
 19414 | Lair:4   | XOM: enchant monster (bad)
 19560 | Lair:5   | XOM: noise
 19768 | Lair:4   | XOM: silly message
 19771 | Lair:4   | XOM: silly message
 19947 | Lair:4   | Reached XP level 14. HP: 88/111 MP: 14/14
 20080 | Lair:5   | XOM: smoke on damage
 20105 | Lair:5   | XOM: potion effect (brilliance)
 20130 | Lair:5   | XOM: enchant monster (bad)
 20153 | Lair:5   | XOM: noise
 20506 | Lair:5   | XOM: noise
 20645 | Lair:5   | Identified the +1 trident of Onito {antimagic, Fly Int+4}
 20755 | Lair:5   | XOM: scenery: summon butterflies
 20805 | Lair:5   | XOM: scenery: create altars
 20942 | Lair:5   | Noticed raph's ghost (journeyman MfIE)
 21210 | Lair:2   | XOM: summons 1 hostile shadow creature
 21461 | D:7      | Killed CommanderKeen's ghost
 21814 | D:12     | XOM is BORED!
 21814 | D:12     | XOM: noise
 21836 | D:12     | XOM: enchant monster (bad)
 21850 | D:12     | XOM: potion effect (haste)
 21860 | D:12     | XOM: potion effect (berserk rage)
 22043 | D:12     | XOM: potion effect (might)
 22247 | D:12     | XOM: divination: magic mapping
 22364 | D:13     | Noticed Rupert
 22364 | D:13     | Found a gate to the Vaults.
 22366 | D:13     | XOM: polymorph human -> water moccasin
 22370 | D:12     | XOM: enchant monster (good)
 22375 | D:12     | Reached skill level 16 in Unarmed Combat
 22400 | D:12     | XOM: summons friendly shadow imp
 22435 | D:12     | Killed Rupert
 22476 | D:12     | XOM: give mutations
 22476 | D:12     | Gained mutation: Your flesh is heat resistant. (rF+) [Xom's
                  | grace]
 22476 | D:12     | Gained mutation: You have supernaturally acute eyesight.
                  | (SInv) [Xom's grace]
 22476 | D:12     | Gained mutation: You have a pair of small horns on your
                  | head. [Xom's grace]
 22476 | D:12     | Gained mutation: Your muscles are strong. (Str +4, Int/Dex
                  | -1) [Xom's grace]
 22517 | D:13     | XOM: cast spell 'Summon Hydra'
 22532 | D:13     | Identified the amulet "Siomm" {Acrobat Rampage Int+5}
 22708 | D:13     | Found Dahoni Hionk's Magic Scroll Emporium.
 22769 | D:13     | Reached skill level 10 in Dodging
 22919 | D:13     | Found Vaudgh's Distillery.
 22994 | D:13     | Found Vakkus's Assorted Antiques.
 23222 | D:13     | XOM: fake destruction
 23249 | D:13     | XOM: give mutations
 23249 | D:13     | Gained mutation: Your flesh is very cold resistant. (rC++)
                  | [Xom's mischief]
 23249 | D:13     | Lost mutation: You possess an exceptional clarity of mind.
                  | [Xom's mischief]
 23249 | D:13     | Lost mutation: Your flesh is very cold resistant. (rC++)
                  | [Xom's mischief]
 23325 | D:13     | Found an iron altar of Okawaru.
 23379 | D:13     | Found Bululy's Antique Armour Boutique.
 23401 | D:13     | XOM: god gift: scroll of immolation
 23473 | D:14     | XOM: noise
 23499 | D:14     | XOM: god gift: scroll of blinking
 23512 | D:14     | XOM: god gift: glowing mace {god gift}
 23628 | D:14     | XOM: divination: detect items
 23631 | D:14     | XOM: enchant monster (good)
 23682 | D:14     | Found a gate leading to a gauntlet.
 23695 | Gauntlet | Entered a Gauntlet
 23695 | Gauntlet | Found a transporter.
 23695 | Gauntlet | Found a transporter.
 23699 | Gauntlet | Found a transporter.
 23701 | Gauntlet | Found a large runed translucent door.
 23702 | Gauntlet | Found a large runed translucent door.
 23703 | Gauntlet | Found a large runed translucent door.
 23703 | Gauntlet | Found a large runed translucent door.
 23703 | Gauntlet | Found a runed translucent door.
 23704 | Gauntlet | Found a large runed translucent door.
 23708 | Gauntlet | Found a transporter.
 23714 | Gauntlet | Found a transporter.
 23746 | Gauntlet | Found a runed translucent door.
 23747 | Gauntlet | Found a large runed translucent door.
 23747 | Gauntlet | Found a large runed translucent door.
 23747 | Gauntlet | Found a large runed translucent door.
 23748 | Gauntlet | Found a large runed translucent door.
 23749 | Gauntlet | Found a large runed translucent door.
 23749 | Gauntlet | Found a transporter.
 23762 | Gauntlet | Found a large runed translucent door.
 23762 | Gauntlet | Found a large runed translucent door.
 23763 | Gauntlet | Found a large runed translucent door.
 23763 | Gauntlet | Found a large runed translucent door.
 23763 | Gauntlet | Found a large runed translucent door.
 23763 | Gauntlet | Found a large runed translucent door.
 23766 | Gauntlet | Found a runed translucent gate.
 23766 | Gauntlet | Found a runed translucent gate.
 23766 | Gauntlet | Found a runed translucent gate.
 23768 | Gauntlet | Found a transporter.
 23778 | Gauntlet | Found a transporter.
 23778 | Gauntlet | Found a transporter.
 23781 | Gauntlet | Found a transporter.
 23808 | Gauntlet | Found a transporter.
 23815 | Gauntlet | Found a transporter.
 23862 | Gauntlet | Found a transporter.
 23876 | Gauntlet | Found a transporter.
 23976 | Gauntlet | Found a transporter.
 23992 | Gauntlet | Found a transporter.
 24126 | Gauntlet | Identified the ring of Jyxof {Fire Str+3}
 24215 | Gauntlet | Gained mutation: You are surrounded by a strong repulsion
                  | field. (EV +4, RMsl) [demonic ancestry]
 24215 | Gauntlet | Reached XP level 15. HP: 107/119 MP: 15/15
 24251 | Gauntlet | Identified the ring of Xom's Approval {Contam rC- rN+ Int+5
                  | Dex+6}
 24273 | Gauntlet | Identified the ring "Uvatoa" {rElec rPois rF++ Str-3 Dex+6}
 24433 | D:14     | XOM: enchant monster (good)
 24481 | D:14     | XOM: polymorph boulder beetle -> shapeshifter
 24574 | D:14     | XOM: god gift: amulet of regeneration
 24687 | D:14     | XOM: god gift: +0 ring mail of willpower
 24744 | D:14     | XOM: stat loss: -1 Int (17/18)
 25109 | Lair:2   | Killed Komud's ghost
 25165 | Lair:2   | XOM: give mutations
 25165 | Lair:2   | Gained mutation: Armour fits poorly on your strangely
                  | shaped body. [Xom's mischief]
 25165 | Lair:2   | Gained mutation: You are covered in fur. (AC +1) [Xom's
                  | mischief]
 25165 | Lair:2   | Lost mutation: You have supernaturally acute eyesight.
                  | (SInv) [Xom's mischief]
 25392 | Orc:1    | Entered Level 1 of the Orcish Mines
 25403 | Orc:1    | Noticed Snorg
 25413 | Orc:1    | Killed Snorg
 25573 | Orc:1    | XOM: 6-stop teleportation journey
 25641 | Orc:1    | Noticed Jorgrun
 25642 | Orc:1    | XOM: scenery: summon butterflies
 25677 | Orc:1    | XOM: stat loss: -1 Dex (19/20)
 25691 | Orc:1    | Noticed Erolcha
 25704 | Orc:1    | XOM: divination: magic mapping
 25709 | Orc:1    | Killed Erolcha
 25721 | Orc:1    | XOM: noise
 25726 | Orc:1    | Killed Jorgrun
 25771 | Orc:1    | XOM: noise
 25836 | Orc:2    | Entered Level 2 of the Orcish Mines
 25923 | Orc:2    | XOM: confuse monster(s)
 25929 | Orc:2    | Found Reczaurch's Jewellery Boutique.
 25929 | Orc:2    | Found Redghonon's Jewellery Emporium.
 25936 | Orc:2    | XOM: cast spell 'Necromutation'
 25943 | Orc:2    | Found Tiunk's Antique Weapon Shoppe.
 25957 | Orc:2    | Found Zuysoajem's Antique Weapon Shop.
 26098 | Orc:2    | Found a flickering gateway to a bazaar.
 26113 | Bazaar   | Entered a bazaar
 26130 | Bazaar   | Found Tuntalyg's Armour Shoppe.
 26146 | Bazaar   | Found Widad's Jewellery Shoppe.
 26146 | Bazaar   | Found Puorph's Antique Armour Emporium.
 26168 | Bazaar   | Found Efaskan's Magic Scroll Shoppe.
 26221 | Bazaar   | Bought a glowing kite shield for 157 gold pieces
 26221 | Bazaar   | Bought a pitted plate armour for 588 gold pieces
 26221 | Bazaar   | Identified the +5 plate armour of the Arcane {rN+ Will+}
                  | (You bought it in a shop in a bazaar)
 26221 | Bazaar   | Bought an ancient ring mail for 189 gold pieces
 26221 | Bazaar   | Identified the +0 ring mail of the Eternal Fruit {Str+4}
                  | (You bought it in a shop in a bazaar)
 26288 | Orc:2    | Found a staircase to the Elven Halls.
 26781 | Lair:1   | XOM: noise
 26825 | D:15     | Entered Level 15 of the Dungeon
 26828 | D:15     | Found a shadowy altar of Dithmenos.
 26837 | D:15     | XOM: 1-stop teleportation journey
 26838 | D:15     | Found a staircase to the Depths.
 26841 | D:15     | XOM: 3-stop teleportation journey
 26849 | D:15     | XOM: butterfly on damage
 26876 | D:15     | XOM: give mutations
 26876 | D:15     | Lost mutation: You have a pair of small horns on your head.
                  | [Xom's mischief]
 26876 | D:15     | Gained mutation: Your flesh is very cold resistant. (rC++)
                  | [Xom's mischief]
 26894 | D:15     | XOM: god gift: staff of poison
 26899 | D:15     | XOM: confuse monster(s)
 26901 | D:15     | XOM: cast spell 'Discord'
 26904 | D:15     | Reached skill level 17 in Unarmed Combat
 26907 | D:15     | XOM: cast spell 'Metabolic Englaciation'
 26920 | D:15     | XOM: blink monster(s)
 26953 | D:15     | XOM: 1-stop teleportation journey
 26973 | D:15     | XOM: blink monster(s)
 26976 | D:15     | XOM: confuse monster(s)
 26998 | D:15     | XOM: noise
 27222 | D:15     | XOM: torment (67/120 hp)
 27343 | D:15     | XOM: enchant monster (bad)
 27350 | D:15     | XOM: potion effect (brilliance)
 27439 | D:15     | XOM: potion effect (attraction)
 27440 | D:15     | XOM: confuse monster(s)
 27514 | D:15     | Found Akagueme's Armour Shop.
 27530 | D:15     | Bought the +4 Cigotuvi's embrace {Corpsefed rMiasma Drain
                  | rN+} for 386 gold pieces
 27530 | D:15     | Found the +4 Cigotuvi's embrace {Corpsefed rMiasma Drain
                  | rN+}
 27833 | Swamp:1  | Entered Level 1 of the Swamp
 27863 | Swamp:1  | XOM: 1-stop teleportation journey
 27869 | Swamp:2  | Noticed a thorn hunter
 27951 | Swamp:3  | XOM: polymorph spriggan druid -> merfolk
 28053 | Swamp:2  | XOM: draining
 28058 | Swamp:2  | Killed a thorn hunter
 28250 | Swamp:2  | Gained mutation: You are robust. (+10% HP) [demonic
                  | ancestry]
 28250 | Swamp:2  | Reached XP level 16. HP: 100/122 MP: 16/16
 28299 | Swamp:2  | XOM: blink monster(s)
 28395 | Swamp:1  | XOM: swap monsters
 28397 | Swamp:1  | XOM: confusion
 28478 | Swamp:1  | XOM: cleaving
 28538 | Swamp:1  | XOM: summons friendly crimson imp
 28619 | Swamp:1  | Noticed Josephine
 28625 | Swamp:1  | Killed Josephine
 28871 | Swamp:1  | XOM: smoke on damage
 29130 | Swamp:2  | XOM: divination: magic mapping
 29145 | Swamp:3  | XOM: polymorph merfolk -> merfolk
 29148 | Swamp:2  | XOM: god gift: runed demon blade {god gift}
 29246 | Swamp:3  | XOM: silly message
 29302 | Swamp:2  | XOM: divination: detect items
 29315 | Swamp:3  | XOM: blink monster(s)
 29323 | Swamp:2  | XOM: enchant monster (bad)
 29483 | Swamp:3  | XOM: give mutations
 29483 | Swamp:3  | Gained mutation: Your spells are a little easier to cast,
                  | but a little less powerful. [Xom's mischief]
 29483 | Swamp:3  | Lost mutation: Your muscles are strong. (Str +4, Int/Dex
                  | -1) [Xom's mischief]
 29483 | Swamp:3  | Lost mutation: You expend magic power (3 MP) to strengthen
                  | your wands. [Xom's mischief]
 29483 | Swamp:3  | Lost mutation: Your flesh is heat resistant. (rF+) [Xom's
                  | mischief]
 29501 | Swamp:3  | XOM: chaos cloud
 29521 | Swamp:2  | XOM: stat loss: -1 Int (18/19)
 29541 | Swamp:3  | XOM: swap monsters
 29585 | Swamp:3  | XOM: confusion (+ monsters)
 29594 | Swamp:2  | XOM: enchant monster (bad)
 29775 | Swamp:3  | XOM: silly message
 29776 | Swamp:3  | XOM: summons 9 hostile demons
 29780 | Swamp:3  | XOM: destruction
 29794 | Swamp:3  | Reached skill level 10 in Stealth
 30187 | Swamp:4  | Entered Level 4 of the Swamp
 30328 | Swamp:4  | XOM: confusion
 30333 | Swamp:4  | Paralysed by a fenstrider witch for 5 turns
 30338 | Swamp:4  | XOM: god gift: wand of polymorph (3)
 30412 | Swamp:4  | Paralysed by a fenstrider witch for 2 turns
 30453 | Swamp:4  | XOM: stat loss: -1 Str (18/19)
 30476 | Swamp:4  | Noticed a tentacled monstrosity
 30481 | Swamp:4  | XOM: enchant monster (bad)
 30492 | Swamp:4  | Killed a tentacled monstrosity
 30517 | Swamp:4  | Found a transporter.
 30528 | Swamp:4  | Noticed adept's ghost (adept DjCj)
 30553 | Swamp:4  | Found a transporter.
 30693 | Swamp:4  | XOM: swap monsters
 30780 | Swamp:4  | Reached skill level 18 in Unarmed Combat
 30828 | Swamp:4  | XOM: swap monsters
 30833 | Swamp:4  | XOM: confusion
 30840 | Swamp:4  | Reached skill level 5 in Evocations
 30962 | Swamp:4  | XOM: swap monsters
 31032 | Swamp:4  | XOM: silly message
 31142 | Swamp:4  | XOM: summons 4 hostile demons
 31292 | Swamp:4  | XOM: enchant monster (bad)
 31442 | Swamp:4  | Noticed a bone dragon
 31734 | Swamp:4  | XOM: cleaving
 31738 | Swamp:4  | Killed a bone dragon
 31770 | Swamp:4  | Got a decaying rune of Zot
 31838 | Swamp:4  | XOM: noise
 32023 | D:13     | Identified the staff of conjuration "Woixamp" {rElec rCorr
                  | Dex-3} (Xom gifted it to you on level 13 of the Dungeon)
 32023 | D:13     | XOM: god gift: staff of conjuration "Woixamp" {rElec rCorr
                  | Dex-3}
 32035 | D:13     | Bought a potion of heal wounds for 190 gold pieces
 32035 | D:13     | Bought a scroll of teleportation for 114 gold pieces
 32056 | D:13     | Bought a scroll of teleportation for 39 gold pieces
 32056 | D:13     | Bought a scroll of magic mapping for 97 gold pieces
 32056 | D:13     | Bought a scroll of teleportation for 39 gold pieces
 32151 | Snake:1  | Entered Level 1 of the Snake Pit
 32173 | Snake:1  | Gained mutation: You are very robust. (+20% HP) [demonic
                  | ancestry]
 32173 | Snake:1  | Reached XP level 17. HP: 107/147 MP: 17/17
 32392 | Snake:2  | Noticed Donald
 32412 | Snake:2  | XOM: summons friendly iron imp
 32415 | Snake:2  | Killed Donald
 32418 | Snake:2  | Reached skill level 10 in Armour
 32419 | Snake:2  | XOM: potion effect (might)
 32498 | Snake:2  | Noticed Kirke
 32630 | Snake:2  | Killed Kirke
 32736 | Snake:2  | XOM: silly message
 32839 | Snake:1  | XOM: potion effect (brilliance)
 32933 | Snake:1  | XOM: potion effect (attraction)
 32938 | Snake:1  | XOM: divination: detect creatures
 33118 | Snake:1  | XOM: potion effect (experience)
 33118 | Snake:1  | Reached XP level 18. HP: 169/169 MP: 18/18
 33172 | Snake:1  | XOM: silly message
 33446 | Snake:1  | XOM: cast spell 'Olgreb's Toxic Radiance'
 33589 | Snake:1  | XOM: cast spell 'Leda's Liquefaction'
 33702 | Snake:1  | XOM: enchant monster (good)
 33708 | Snake:1  | XOM: cast spell 'Summon Mana Viper'
 33746 | Snake:1  | Reached skill level 19 in Unarmed Combat
 33747 | Snake:1  | XOM: divination: detect items
 33931 | Snake:2  | XOM: enchant monster (bad)
 33946 | Snake:2  | Noticed Aizul
 33957 | Snake:2  | XOM: cast spell 'Call Canine Familiar'
 33958 | Snake:2  | XOM: noise
 33961 | Snake:2  | XOM: noise
 33966 | Snake:2  | XOM: potion effect (invisibility)
 33979 | Snake:2  | Killed Aizul
 34132 | Snake:2  | XOM: cloud trail
 34167 | Snake:2  | XOM: potion effect (attraction)
 34372 | Snake:2  | Noticed Vashnia
 34407 | Snake:2  | XOM: divination: magic mapping
 34416 | Snake:2  | Killed Vashnia
 34626 | Snake:2  | XOM: divination: detect creatures
 34677 | Snake:2  | Found Palehuir's Jewellery Emporium.
 34758 | Snake:2  | Bought a ring of see invisible for 195 gold pieces
 34878 | Snake:2  | XOM: scenery: create altars
 35075 | Snake:3  | XOM: summons 3 friendly demons
 35102 | Snake:3  | XOM: snakes to sticks
 35230 | Snake:3  | XOM: blink monster(s)
 35244 | Snake:3  | XOM: swap monsters
 35259 | Snake:3  | XOM: noise
 35273 | Snake:3  | XOM: confusion
 35713 | Snake:4  | Entered Level 4 of the Snake Pit
 35730 | Snake:4  | XOM: give mutation
 35730 | Snake:4  | Lost mutation: You are covered in fur. (AC +1) [Xom's
                  | mischief]
 35892 | Snake:4  | Identified the +0 pair of boots of Resourcefulness {Int+3}
 35944 | Snake:4  | XOM: confusion
 35957 | Snake:4  | XOM: chaos upgrade
 36063 | Snake:4  | XOM: chaos upgrade
 36064 | Snake:4  | XOM: enchant monster (bad)
 36066 | Snake:4  | Reached XP level 19. HP: 168/181 MP: 19/19
 36083 | Snake:4  | Noticed Louise
 36085 | Snake:4  | XOM: cleaving
 36109 | Snake:4  | XOM: summons friendly quasit
 36121 | Abyss:2  | XOM: noise
 36121 | Abyss:2  | Cast into level 2 of the Abyss (Louise)
 36172 | Abyss:2  | XOM: cast spell 'Chain of Chaos'
 36172 | Abyss:2  | Gained mutation: You are clumsy. (Dex -2) [a cacodemon]
 36204 | Abyss:2  | XOM: polymorph Executioner -> Executioner
 36253 | Snake:4  | Escaped the Abyss
 36307 | Snake:4  | XOM: polymorph naga mage -> something unseen
 36409 | Snake:4  | XOM: confuse monster(s)
 36559 | Snake:4  | XOM: enchant monster (good)
 36571 | Snake:4  | XOM: blink monster(s)
 36573 | Snake:4  | XOM: draining
 36601 | Snake:4  | XOM: swap monsters
 36656 | Snake:4  | XOM: 1-stop teleportation journey
 36852 | Snake:4  | XOM: divination: detect items
 36886 | Snake:4  | XOM: polymorph nagaraja -> azure jelly
 36893 | Snake:4  | XOM: cast spell 'Summon Cactus Giant'
 36913 | Snake:4  | Killed Louise
 36986 | Snake:4  | XOM: cast spell 'Statue Form'
 37050 | Snake:4  | XOM: god gift: 37 gold pieces
 37128 | Snake:4  | XOM: cloud trail
 37156 | Snake:4  | XOM: summons friendly quasit
 37196 | Snake:4  | XOM: divination: magic mapping
 37245 | Snake:4  | Got a serpentine rune of Zot
 37469 | Lair:2   | XOM: give mutations
 37469 | Lair:2   | Gained mutation: You have hidden genetic potential. [Xom's
                  | grace]
 37469 | Lair:2   | Gained mutation: You are extremely robust. (+30% HP) [Xom's
                  | grace]
 37469 | Lair:2   | Gained mutation: You have a pair of small antennae on your
                  | head. [Xom's grace]
 37469 | Lair:2   | Gained mutation: You possess an exceptional clarity of
                  | mind. [Xom's grace]
 37546 | Lair:4   | XOM: give mutation
 37546 | Lair:4   | Gained mutation: You have a pair of antennae on your head.
                  | [Xom's grace]
 37590 | Lair:5   | XOM: confuse monster(s)
 37606 | Lair:5   | XOM: noise
 37610 | Lair:5   | Killed raph's ghost
 37709 | Lair:2   | XOM: give mutations
 37709 | Lair:2   | Gained mutation: You have a pair of large antennae on your
                  | head. (SInv) [Xom's mischief]
 37709 | Lair:2   | Lost mutation: You have a somewhat thin skeletal structure.
                  | (Dex +2, Stealth+) [Xom's mischief]
 37779 | Swamp:3  | XOM: noise
 37834 | Swamp:4  | XOM: noise
 37835 | Swamp:4  | XOM: divination: detect creatures
 37956 | Swamp:4  | XOM: potion effect (brilliance)
 37958 | Swamp:4  | Killed adept's ghost
 37972 | Swamp:4  | XOM: enchant monster (bad)
 38109 | Swamp:4  | Identified the ring "Qameh" {Fly rF+ rCorr Slay+2}
 38227 | Lair:1   | XOM: summons 2 hostile shadow creatures
 38321 | Vaults:1 | Entered Level 1 of the Vaults
 38321 | Vaults:1 | XOM: 4-stop teleportation journey
 38396 | Vaults:1 | XOM: enchant monster (bad)
 38450 | Vaults:1 | Reached skill level 10 in Shields
 38464 | Vaults:1 | XOM: cast spell 'Leda's Liquefaction'
 38470 | Vaults:1 | XOM: silly message
 38492 | Vaults:1 | XOM: noise
 38502 | Vaults:1 | XOM: potion effect (haste)
 38529 | Vaults:1 | Found a crumbling gateway.
 38534 | Desolati | Entered the Desolation of Salt
 38559 | Desolati | XOM: potion effect (attraction)
 38585 | Desolati | XOM: divination: detect creatures
 38695 | Desolati | XOM: cast spell 'Summon Hydra'
 38754 | Desolati | XOM: confuse monster(s)
 38760 | Desolati | Reached skill level 20 in Unarmed Combat
 38780 | Desolati | Found the +3 pair of gauntlets of War {Slay+5}
 38814 | Desolati | XOM: enchant monster (good)
 38836 | Desolati | Identified the +0 ring mail "Plog" {Int+3 Dex+3}
 38840 | Desolati | Identified the ring "Cetzocse" {Fly rElec}
 38928 | Desolati | Got Keged's Atlas of the Changing Vector
 38933 | Desolati | XOM: summons 4 friendly demons
 38952 | Desolati | Reached XP level 20. HP: 208/208 MP: 20/20
 38959 | Desolati | Identified the +6 hand axe "Amenal" {protect, rCorr}
 39166 | Desolati | XOM: divination: detect creatures
 39171 | Desolati | XOM: smoke on damage
 39179 | Desolati | XOM: summons friendly quasit
 39292 | Desolati | Identified the staff of cold "Ytuet" {rF- rC+ Str+2 Dex+2
                  | SInv}
 39301 | Desolati | Identified the +5 chain mail of Fun and Games {Fly Int+4
                  | Stlth+}
 39326 | Desolati | Identified the ring "Lusefis" {Fire Will+ Str-3 Dex+3}
 39716 | Vaults:1 | XOM: blink monster(s)
 39719 | Vaults:1 | XOM: divination: detect creatures
 39724 | Vaults:1 | XOM: confuse monster(s)
 40291 | Vaults:1 | Identified the +0 cloak of Dyspraxia {Contam rF+ Will+}
                  | (Xom gifted it to you on level 1 of the Vaults)
 40291 | Vaults:1 | XOM: god gift: +0 cloak of Dyspraxia {Contam rF+ Will+}
 40358 | Vaults:2 | XOM: noise
 40360 | Vaults:2 | Found Meycaem's Armour Shoppe.
 40373 | Vaults:2 | XOM: 1-stop teleportation journey
 40510 | Vaults:2 | XOM: polymorph brown ugly thing -> white ugly thing
 40522 | Vaults:2 | XOM: cleaving
 40526 | Vaults:2 | XOM: 1-stop teleportation journey
 40644 | Vaults:2 | XOM: potion effect (might)
 40646 | Vaults:2 | XOM: potion effect (might)
 40751 | Vaults:2 | XOM: divination: magic mapping
 40767 | Vaults:2 | Gained mutation: Your mind is acute. (Int +4, Str/Dex -1)
                  | [hidden potential]
 40782 | Vaults:2 | XOM: noise
 40820 | Vaults:2 | XOM: confuse monster(s)
 40833 | Vaults:2 | XOM: potion effect (berserk rage)
 40863 | Vaults:2 | XOM: divination: magic mapping
 40901 | Vaults:2 | Found a transporter.
 40902 | Vaults:2 | Found Eruzoip's Assorted Antiques.
 40954 | Vaults:2 | XOM: noise
 41212 | Vaults:2 | XOM: confuse monster(s)
 41293 | Vaults:2 | XOM: chaos cloud
 41309 | Vaults:2 | Noticed a dread lich
 41319 | Vaults:2 | Killed a dread lich
 41333 | Vaults:2 | XOM: 3-stop teleportation journey
 41585 | Vaults:2 | XOM: god gift: tin of tremorstones (2/2)
 41592 | Vaults:2 | XOM: confuse monster(s)
 41817 | Vaults:2 | Found a runed translucent gate.
 41817 | Vaults:2 | Found a runed translucent gate.
 41817 | Vaults:2 | Found a runed translucent gate.
 41817 | Vaults:2 | Found an ancient bone altar of Kikubaaqudgha.
 41817 | Vaults:2 | Noticed a dread lich
 41817 | Vaults:2 | Noticed crisisinutopia's ghost (adept MiFi)
 41891 | Vaults:2 | Found a transporter.
 42255 | Vaults:3 | Found a staircase to the Crypt.
 42261 | Vaults:3 | XOM: divine lightning
 42379 | Vaults:3 | XOM: summons 8 friendly demons
 42403 | Vaults:3 | XOM: enchant monster (good)
 42503 | Vaults:3 | Paralysed by a great orb of eyes for 5 turns
 42523 | Vaults:3 | Found a magical portal.
 42536 | WizLab   | Entered Borgnjor's Mausoleum
 42549 | WizLab   | XOM: cast spell 'Alistair's Intoxication'
 42561 | WizLab   | XOM: fake destruction
 42658 | WizLab   | XOM: potion effect (curing)
 42668 | WizLab   | XOM: confuse monster(s)
 42720 | WizLab   | XOM: divination: magic mapping
 42771 | WizLab   | Gained mutation: You regenerate health from kills. [demonic
                  | ancestry]
 42771 | WizLab   | Reached XP level 21. HP: 198/203 MP: 21/21
 42780 | WizLab   | XOM: noise
 42787 | WizLab   | XOM: confuse monster(s)
 42788 | WizLab   | Reached skill level 15 in Fighting
 42924 | WizLab   | XOM: silly message
 43126 | WizLab   | XOM: potion effect (invisibility)
 43352 | WizLab   | XOM: fake destruction
 43486 | Vaults:3 | XOM: enchant monster (bad)
 43553 | Vaults:3 | XOM: confuse monster(s)
 43698 | Vaults:3 | Gained mutation: You are strong-willed. (Will+) [hidden
                  | potential]
 43698 | Vaults:3 | Lost mutation: You have hidden genetic potential. [hidden
                  | potential expressed]
 44053 | Vaults:3 | XOM: summons friendly quasit
 44072 | Vaults:3 | XOM: polymorph quasit -> white imp
 44081 | Vaults:3 | Reached skill level 21 in Unarmed Combat
 44335 | Vaults:3 | XOM: enchant monster (good)
 44402 | Vaults:3 | Reached skill level 10 in Evocations
 44422 | Vaults:3 | XOM: potion effect (invisibility)
 44446 | Vaults:3 | XOM: divination: magic mapping
 44499 | Vaults:3 | XOM: swap monsters
 44592 | Vaults:3 | XOM: god gift: 26 gold pieces
 44624 | Vaults:3 | XOM: swap monsters
 44628 | Vaults:3 | XOM: smoke on damage
 44630 | Vaults:3 | XOM: god gift: 40 gold pieces
 44812 | Vaults:4 | XOM: stat loss: -1 Str (17/18)
 45161 | Vaults:4 | XOM: cast spell 'Metabolic Englaciation'
 45167 | Vaults:4 | XOM: cast spell 'Summon Cactus Giant'
 45172 | Vaults:4 | XOM: polymorph cactus giant -> wandering mushroom
 45297 | Vaults:4 | XOM: summons 6 hostile demons
 45299 | Vaults:4 | XOM: polymorph crimson imp -> iron imp
 45303 | Vaults:4 | Gained mutation: You regenerate a lot of health from kills.
                  | [demonic ancestry]
 45303 | Vaults:4 | Reached XP level 22. HP: 192/228 MP: 22/22
 45345 | Vaults:4 | Learned a level 7 spell: Storm Form
 45474 | Vaults:4 | XOM: stat loss: -1 Str (17/18)
 45763 | Vaults:4 | XOM: scenery: 3 doors close
 46246 | Elf:1    | Entered Level 1 of the Elven Halls
 46249 | Elf:1    | XOM: summons 14 friendly demons
 46262 | Elf:1    | XOM: divine lightning
 46264 | Elf:1    | XOM: god gift: 3 datura-tipped darts
 46329 | Elf:1    | XOM: give mutations
 46329 | Elf:1    | Gained mutation: You are resistant to electric shocks.
                  | (rElec) [Xom's grace]
 46329 | Elf:1    | Lost mutation: You are clumsy. (Dex -2) [Xom's grace]
 46329 | Elf:1    | Gained mutation: Your skin changes colour to match your
                  | surroundings (Stealth+). [Xom's grace]
 46345 | Elf:1    | XOM: potion effect (berserk rage)
 46372 | Elf:1    | XOM: summons friendly ufetubus
 46373 | Elf:1    | XOM: polymorph deep elf zephyrmancer -> shapeshifter
 46415 | Elf:1    | Found Zopt's Antique Armour Boutique.
 46418 | Elf:1    | Found Eduvug's Antique Weapon Shop.
 46420 | Elf:1    | Found Nivig's Antique Armour Boutique.
 46461 | Elf:1    | Found a radiant altar of Vehumet.
 46466 | Elf:1    | XOM: cleaving
 46541 | Elf:1    | XOM: god gift: 6 stones
 46608 | Elf:1    | XOM: scenery: 2 doors open
 46758 | Elf:1    | XOM: fake destruction
 46810 | Elf:1    | XOM: scenery: summon butterflies
 46832 | Elf:1    | XOM: silly message
 46844 | Elf:1    | XOM: silly message
 46940 | Elf:1    | XOM: divination: magic mapping
 47316 | Elf:2    | Found Uxufienu's Weapon Boutique.
 47424 | Elf:2    | Found Xifielaiple's One-of-a-Kind Books.
 47455 | Elf:2    | XOM: 2-stop teleportation journey
 47458 | Elf:2    | XOM: 2-stop teleportation journey
 47491 | Elf:2    | Found a runed translucent gate.
 47491 | Elf:2    | Found a runed translucent gate.
 47491 | Elf:2    | Found a runed translucent gate.
 47518 | Elf:2    | XOM: confuse monster(s)
 47536 | Elf:2    | Noticed Asterion
 47549 | Elf:2    | Killed Asterion
 47558 | Elf:2    | XOM: cast spell 'Metabolic Englaciation'
 47846 | Elf:2    | XOM: scenery: 3 doors close
 47862 | Elf:2    | XOM: cast spell 'Metabolic Englaciation'
 47944 | Elf:2    | XOM: summons 4 friendly demons
 48268 | Elf:2    | XOM: cloud trail
 48269 | Elf:2    | XOM: scenery: summon butterflies
 48286 | Elf:2    | XOM: god gift: ring mail {god gift}
 48476 | Elf:3    | Entered Level 3 of the Elven Halls
 48678 | Elf:3    | Noticed Saint Roka
 48696 | Elf:3    | XOM: swap monsters
 48714 | Elf:3    | XOM: scenery: 1 doors close
 48729 | Elf:3    | XOM: silly message
 48731 | Elf:3    | XOM: noise
 48733 | Elf:3    | Killed Saint Roka
 48871 | Elf:3    | XOM: cleaving
 48873 | Elf:3    | XOM: give mutations
 48873 | Elf:3    | Lost mutation: Your spells are a little easier to cast, but
                  | a little less powerful. [Xom's mischief]
 48873 | Elf:3    | Gained mutation: You expend magic power (3 MP) to
                  | strengthen your wands. [Xom's mischief]
 48873 | Elf:3    | Lost mutation: You expend magic power (3 MP) to strengthen
                  | your wands. [Xom's mischief]
 48892 | Elf:3    | Found Zasoum's Antique Weapon Boutique.
 48994 | Elf:3    | Reached skill level 22 in Unarmed Combat
 49087 | Elf:3    | XOM: polymorph deep elf blademaster -> shapeshifter
 49114 | Elf:3    | XOM: polymorph deep elf blademaster -> shadow dragon
 49118 | Elf:3    | XOM: fog
 49122 | Elf:3    | XOM: blink monster(s)
 49142 | Elf:3    | XOM: noise
 49177 | Elf:3    | XOM: divination: detect items
 49200 | Elf:3    | XOM: enchant monster (good)
 49291 | Elf:3    | Identified the staff of air "Zicsofena" {rElec rPois SInv
                  | Stlth+}
 49438 | Elf:3    | Identified the +3 ring mail "Pettad" {rElec rF++ Regen+
                  | Stlth-}
 49438 | Elf:3    | Identified the amulet of Pyromania {Spirit Fragile Fly
                  | rElec rPois}
 49465 | Elf:3    | XOM: enchant monster (bad)
 49469 | Elf:3    | XOM: noise
 49472 | Elf:3    | Identified the +11 falchion of the Shifting Saviour
                  | {antimagic, Fly rElec rF- Str+5}
 49472 | Elf:3    | Identified the ring of the Barnacle {rPois rF+ rC+ Str-5
                  | Int+6}
 49488 | Elf:3    | Gained mutation: You are completely covered in sharp
                  | spines. [demonic ancestry]
 49488 | Elf:3    | Reached XP level 23. HP: 182/239 MP: 23/23
 49514 | Elf:3    | Got Qeom's Compilation of Fog
 49519 | Elf:3    | Identified the +0 scale mail of Trumpets {rCorr MP+9 Str-2}
 49568 | Elf:3    | Identified the staff of death "Miag Pukysch" {rPois rN+
                  | Will- Str-5 Dex+7}
 49582 | Elf:3    | Identified the staff of conjuration "Gogg" {rPois rC-
                  | rCorr}
 49749 | Elf:3    | XOM: silly message
 49885 | Elf:1    | XOM: divination: magic mapping
 49917 | Orc:2    | XOM: divination: detect creatures
 50234 | Elf:1    | Bought a polished scale mail for 252 gold pieces
 50234 | Elf:1    | Identified the +0 scale mail "Onocemel" {Regen+ Slay+3}
                  | (You bought it in a shop on level 1 of the Elven Halls)
 50238 | Elf:1    | Bought a shimmering ring mail for 198 gold pieces
 50238 | Elf:1    | Identified the +0 ring mail of Inviolability {Harm rC+
                  | SInv} (You bought it in a shop on level 1 of the Elven
                  | Halls)
 50240 | Elf:1    | XOM: give mutations
 50240 | Elf:1    | Lost mutation: Your skin changes colour to match your
                  | surroundings (Stealth+). [Xom's mischief]
 50240 | Elf:1    | Lost mutation: Your mind is acute. (Int +4, Str/Dex -1)
                  | [Xom's mischief]
 50240 | Elf:1    | Lost mutation: You possess an exceptional clarity of mind.
                  | [Xom's mischief]
 50240 | Elf:1    | Gained mutation: Your flesh is heat resistant. (rF+) [Xom's
                  | mischief]
 50577 | Orc:2    | Bought the ring "Ippo" {rF++ rN+ Will+ SInv} for 760 gold
                  | pieces
 50745 | Depths:1 | Entered Level 1 of the Depths
 50798 | Depths:1 | Found a one-way gateway to a ziggurat.
 50878 | Depths:1 | XOM: chaos cloud
 50889 | Depths:1 | XOM: chaos cloud
 50890 | Depths:1 | XOM: summons 4 hostile demons
 50896 | Depths:1 | Gained mutation: You occasionally lose the ability to read
                  | scrolls when taking damage. [a neqoxec]
 50929 | Depths:1 | XOM: summons 7 hostile demons
 50948 | Depths:1 | XOM: stat loss: -1 Dex (19/20)
 50989 | Depths:1 | XOM: enchant monster (bad)
 50997 | Depths:1 | XOM: divination: detect creatures
 50999 | Depths:1 | XOM: cast spell 'Cause Fear'
 51012 | Depths:1 | XOM: scenery: create altars
 51079 | Depths:1 | XOM: scenery: summon butterflies
 51080 | Depths:1 | XOM: 7-stop teleportation journey
 51106 | Depths:1 | XOM: cleaving
 51147 | Depths:1 | Noticed a juggernaut
 51157 | Depths:1 | XOM: enchant monster (good)
 51189 | Depths:1 | XOM: destruction
 51194 | Depths:1 | Killed a juggernaut
 51195 | Depths:1 | XOM: give mutations
 51195 | Depths:1 | Gained mutation: You have hidden genetic potential. [Xom's
                  | grace]
 51195 | Depths:1 | Gained mutation: You are highly strong-willed. (Will++)
                  | [Xom's grace]
 51195 | Depths:1 | Lost mutation: You have hidden genetic potential. [Xom's
                  | grace]
 51195 | Depths:1 | Gained mutation: You are somewhat resistant to further
                  | mutation. [Xom's grace]
 51207 | Depths:1 | XOM: god gift: potion of curing
 51227 | Depths:1 | XOM: fog
 51239 | Depths:1 | XOM: enchant monster (good)
 51248 | Depths:1 | Paralysed by a floating eye for 3 turns
 51256 | Depths:1 | Paralysed by a floating eye for 3 turns
 51262 | Depths:1 | XOM: enchant monster (good)
 51264 | Depths:1 | Paralysed by a floating eye for 2 turns
 51265 | Depths:1 | Reached skill level 15 in Shields
 51268 | Depths:1 | XOM: scenery: summon butterflies
 51274 | Depths:1 | XOM: 2-stop teleportation journey
 51333 | Depths:1 | Paralysed by a floating eye for 4 turns
 51373 | Depths:1 | Identified the amulet "Keczidez" {Spirit Int+2}
 51373 | Depths:1 | Paralysed by a floating eye for 4 turns
 51575 | Depths:1 | XOM: destruction
 51955 | Depths:1 | XOM: scenery: create altars
 52056 | Depths:1 | Found a gateway to Hell.
 52068 | Depths:1 | XOM: summons friendly crimson imp
 52082 | Depths:1 | XOM: divination: magic mapping
 52103 | Depths:1 | XOM: silly message
 52105 | Depths:1 | XOM: enchant monster (bad)
 52115 | Depths:1 | XOM: cast spell 'Summon Small Mammal'
 52131 | Depths:1 | XOM: noise
 52143 | Depths:1 | Reached skill level 15 in Dodging
 52171 | Depths:1 | Identified the +5 demon whip of Bixtuc {antimagic, rElec
                  | Will+ Str+2 Stlth+}
 52173 | Depths:1 | Identified the +7 demon whip of the Shining Light {drain,
                  | rF+ rN+ rCorr}
 52315 | Depths:2 | XOM: enchant monster (bad)
 52328 | Depths:2 | XOM: summons friendly ufetubus
 52329 | Depths:2 | XOM: enchant monster (bad)
 52341 | Depths:2 | HP: 10/240 [hell knight/+1 great sword (23)]
 52342 | Depths:2 | Mangled by a purple very ugly thing

Illustrated notes

Levels and vault maps discovered:
D:1:      scummos_arrival_gate, layout_rooms
D:2:      layout_rooms, minmay_misc_feat_ornament, nicolae_shop_vocational
D:3:      layout_basic, shapermc_ecumenical_altar_petra, gup_sewer_entry_glass,
          minivault_26, uniq_jessica
D:4:      nicolae_cairo_tiling_very_big, layout_rooms,
          minmay_temple_entry_fiery, uniq_edmund, uniq_pargi
D:5:      layout_gridville, mainiacjoe_overflow_alcove_1, serial_rivers,
          chequers_serial_rivers_micro_b, chequers_serial_rivers_large_b,
          chequers_serial_rivers_small_a, chequers_serial_rivers_marsh,
          chequers_serial_rivers_micro_b
D:6:      layout_rooms, serial_shops, nicolae_shop_trees,
          nicolae_shop_pleasant_corner_grove, nicolae_stop_n_shop_2,
          nicolae_shop_back_alley_shop
D:7:      layout_basic, gammafunk_ghost_arena, nicolae_hexahallways,
          uniq_menkaure
D:8:      layout_basic, serial_shops, shop, nicolae_shop_gaudy_bauble,
          nicolae_shop_just_a_little_nook
D:9:      layout_roguey, zin_academy, zombieorc1_lemuel, chequers_big_river
D:10:     layout_rooms, dk_vineyard_3
D:11:     layout_basic, dpeg_lair_monsters, uniq_nergalle, uniq_maurice,
          uniq_urug
D:12:     layout_long_grid
D:13:     layout_loops_ring, david_vaults_3, serial_shops, shop, shop, shop,
          nicolae_shop_rolling_square, okawaru_altar_gauntlet_db
D:14:     layout_grid_maze, chequers_serial_rivers_small_b,
          gauntlet_entry_generic, portal_ice_cave_entry_pillars_three
D:15:     gammafunk_depths_entry_grave, layout_rooms,
          nicolae_dithmenos_shadow_blocks, serial_shops, shop_fountains,
          minmay_liquid_box
Temple:   mainiacjoe_temple_big_plus
Lair:1:   layout_cave_pods, lemuel_fruit_fields
Lair:2:   layout_regular_city, swamp_mist_pool, guppyfry_snake_entry_island,
          hellmonk_ghost_happy_afterlife, uniq_erica
Lair:3:   layout_cave_pods, nicolae_lair_grazing_beasts
          [nicolae_sub_lair_graze_edge, nicolae_sub_lair_graze_edge,
          nicolae_sub_lair_graze_edge, nicolae_sub_lair_graze_edge]
Lair:4:   layout_roguey, grunt_megastairs_1
Lair:5:   gammafunk_lair_ancient_temple, layout_layer_cave,
          nicolae_slime_entry_field_trip, gammafunk_ghost_necromancy,
          enter_volcano_1, lemuel_fruit_fields
Swamp:1:  layout_basic_swamp, evilmike_swamp_ruin_house_4, swamp_pool4,
          infiniplex_staircase_pool, uniq_josephine
Swamp:2:  layout_falls_marsh, hangedman_swamp_ruin_hall
Swamp:3:  layout_basic_swamp, evilmike_swamp_ruin_house_3
Swamp:4:  swamp_pestilence, layout_basic_swamp,
          gammafunk_ghost_berserking_beasts, swamp_pool1,
          infiniplex_staircase_pool_2
Snake:1:  layout_grid_maze, grunt_ministairs_13, serial_bayou_pond_a,
          uniq_rupert
Snake:2:  layout_chambers, serial_shops, nicolae_shop_real_fake_doors,
          uniq_donald, uniq_kirke, uniq_aizul, uniq_vashnia
Snake:3:  layout_onion_interference, lemuel_fruit_tree
Snake:4:  grunt_snake_rune_pools, layout_layer_cave, uniq_louise
Orc:1:    layout_caves, basic_altar, uniq_snorg, uniq_jorgrun, uniq_erolcha
Orc:2:    st_orc_rangers, layout_caves, serial_shops, bzr_entry_road
Elf:1:    minmay_elf_arrival_summoners, layout_onion_city, basic_altar,
          minivault_28, minmay_shop_star
Elf:2:    nicolae_elf_blades_splatter_lattice [nooodl_blade_entry_preview],
          layout_onion_city, serial_shops, nicolae_shop_advertising_works
          [nicolae_subvault_shop_adworks], nicolae_rare_books,
          small_chamber_with_monster, uniq_asterion
Elf:3:    minmay_elf_hall, layout_geoelf_castle, serial_shops,
          nicolae_shop_tiny_real_fake_doors, uniq_saint_roka
Vaults:1: portal_desolation_entry_nicolae_forbidding_blocks, vaults_dpeg_doors,
          hangedman_vaults_slither, ontoclasm_vaults_misaligned,
          ontoclasm_vaults_ring_small, vaults_room_boxed,
          ontoclasm_vaults_gateway, layout_vaults_chaotic_city
Vaults:2: gammafunk_ghost_crypt, v_alt_pattern_3,
          nicolae_vaults_shipping_containers_7, vaults_room_large_hall,
          hangedman_vaults_corner_blocks, nicolae_vaults_network_barrier,
          nicolae_vaults_circle_grid_b, nicolae_vaults_taking_the_gang_shopping,
          nicolae_vaults_offset_grid_hallway_2, nicolae_vaults_big_ls,
          nicolae_vaults_variable_pillar_hall, hangedman_vaults_slice,
          layout_vaults_omnibox, serial_shops, nicolae_shop_drivethru
Vaults:3: infiniplex_enter_wizlab_water, nicolae_vaults_security_offices_4,
          hangedman_vaults_snaps, minmay_crypt_entry_simple_plaza, v_pattern_3,
          v_misc_4, hangedman_vaults_hat, nicolae_vaults_turnstiles,
          nicolae_vaults_specimen_jars, nicolae_vaults_network_periphery,
          layout_vaults_omnigrid
Vaults:4: v_pattern_5, v_misc_31, nicolae_vaults_tangram_1, v_misc_8,
          nicolae_vaults_network_s, nicolae_vaults_rhombus_6,
          nicolae_vaults_storage_room_glass, hangedman_vaults_slice,
          ontoclasm_vaults_misaligned, hangedman_vaults_stitches,
          vaults_dpeg_cross, nicolae_vaults_little_squares_3,
          vaults_mumra_hexcomb, vaults_room_hangedman_quadrants,
          nicolae_vaults_offset_grid_hallway_3, nicolae_vaults_rhombus_5,
          nicolae_vaults_little_squares_3, nicolae_vaults_little_squares_1,
          layout_vaults_maze_snakey
Depths:1: minmay_the_grid_octo_tiled_octocenter [minmay_the_grid_octo_checkered,
          minmay_the_grid_octo_fat_diamond, minmay_the_grid_octo_concentric,
          minmay_the_grid_octo_pinwheel, minmay_the_grid_octo_prize_big_c,
          minmay_the_grid_square_5x5_v, minmay_the_grid_square_5x5_one_wall,
          minmay_the_grid_square_5x5_bridge,
          minmay_the_grid_square_5x5_half_checkered], layout_gridlike,
          enter_ziggurat_e, hellmouth_2, kennysheep_kite_vault
Depths:2: minmay_tri_stars, layout_twisted_cross, minmay_misc_feat_chi,
          rand_demon_pan_entry_7, pf_vacation_house_of_asmodeus, serial_shops,
          statue_bzr

Skill      XL: |  1  2  3  4  5  6  7  8  9 10 11 12 13 14 15 16 17 18 19 20 21 22 23 |
---------------+----------------------------------------------------------------------+-----
Unarmed Combat | 3 4 5 6 7 9 11 12 13 14 15 16 17 18 19 20 21 22 | 22.5
Dodging        | 2 4 5 6 8 9 10 11 12 13 14 15 | 15.0
Evocations     | 2 4 5 7 8 9 10 | 10.0
Fighting       | 4 5 6 8 9 10 11 12 13 14 15 16 | 16.6
Armour         | 3 5 6 7 9 10 11 12 13 | 13.8
Shields        | 2 4 5 7 8 10 11 13 14 15 | 15.3
Stealth        | 1 4 6 8 9 10 11 12 13 14 | 14.6

Action                     |  1- 3 |  4- 6 |  7- 9 | 10-12 | 13-15 | 16-18 | 19-21 | 22-24 || total
---------------------------+-------+-------+-------+-------+-------+-------+-------+-------++-------
  Melee: Unarmed           |   117 |   129 |   261 |   619 |  1199 |  1153 |  2143 |  1144 ||  6765
         Punch             |     2 |     2 |     9 |    10 |       |       |       |       ||    23
         Kick              |       |       |    14 |   202 |       |       |     4 |       ||   220
         Headbutt          |       |       |       |       |    98 |       |       |       ||    98
  Evoke: Piece from Xom's  |       |     9 |     4 |     5 |       |       |       |       ||    18
         Wand              |       |       |     3 |    11 |     1 |    26 |       |       ||    41
         Lightning rod     |       |       |       |       |       |     5 |     5 |     8 ||    18
         Phantom mirror    |       |       |       |       |       |     2 |       |       ||     2
         Condenser vane    |       |       |       |       |       |     1 |       |       ||     1
    Use: Scroll            |     8 |     6 |     6 |    11 |     8 |    15 |    12 |     5 ||    71
         Potion            |       |     3 |     3 |     5 |     1 |     7 |     3 |     6 ||    28
   Stab: Paralysed         |       |       |     3 |     1 |     1 |       |     3 |     1 ||     9
         Confused          |       |       |     1 |       |     5 |     8 |    14 |     2 ||    30
         Petrified         |       |       |       |     4 |     2 |       |     4 |     2 ||    12
         Sleeping          |       |       |       |     5 |    18 |    22 |    19 |    21 ||    85
         Petrifying        |       |       |       |     1 |       |       |       |       ||     1
         Distracted        |       |       |       |     1 |     7 |    12 |    12 |     4 ||    36
         Invisible         |       |       |       |       |       |     1 |    13 |       ||    14
 Armour: Leather armour    |    35 |    51 |    46 |       |     4 |    18 |       |       ||   154
         Ring mail         |       |       |    18 |   141 |    64 |       |       |       ||   223
         Skin              |       |       |       |     7 |       |       |     1 |       ||     8
         Scale mail        |       |       |       |       |    75 |   157 |   239 |   111 ||   582
  Dodge: Dodged            |    46 |    77 |   156 |   507 |   880 |   835 |  1049 |   349 ||  3899
         Repelled          |       |       |       |       |     6 |    39 |    27 |    14 ||    86
  Block: Buckler           |       |       |       |   148 |   224 |       |       |       ||   372
         Kite shield       |       |       |       |       |   132 |   523 |       |       ||   655
         Tower shield      |       |       |       |       |       |   401 |  2303 |  1170 ||  3874
         Reflection        |       |       |       |       |       |    60 |    71 |    64 ||   195
